 Dungeon Crawl Stone Soup version 0.31-a0-826-ga5cc291a1b (webtiles) character file.

Game seed: 7185358757927341009

2680 qw the Skirmisher (level 9, 0/57 HPs)
             Began as a Gargoyle Hunter on Sept 23, 2023.
             Was a Believer of Okawaru.
             Slain by a manticore (1 damage)
             ... on level 7 of the Dungeon.
             The game lasted 00:02:32 (5929 turns).

qw the Skirmisher (Gargoyle Hunter)                 Turns: 5929, Time: 00:02:33

Health: 0/57       AC: 14    Str: 16    XL:     9   Next: 64%
Magic:  10/12      EV: 16    Int:  9    God:    Okawaru [**....]
Gold:   308        SH:  5    Dex: 17    Spells: 8/8 levels left

rFire   . . .        Y - +4 shortbow
rCold   . . .        (shield currently unavailable)
rNeg    + . .        c - +0 leather armour
rPois   inf          k - +0 helmet
rElec   +            b - +0 cloak
rCorr   .            (no gloves)
SInv    .            h - +0 pair of boots
Will    .....        e - amulet of reflection
Stlth   +++          (no ring)
HPRegen 0.29/turn    (no ring)
MPRegen 0.13/turn

%: reflection
@: heroic
A: sickness immunity, AC +6, negative energy resistance 1, electricity
resistance, torment resistance 1, petrification resistance, mutation resistance
1
a: Renounce Religion, Heroism


You were on level 7 of the Dungeon.
You worshipped Okawaru.
Okawaru was pleased with you.
You visited 1 branch of the dungeon, and saw 7 of its levels.

You collected 348 gold pieces.
You spent 40 gold pieces at shops.


Innate Abilities, Weirdness & Mutations

You are immune to sickness and miasma.
Your stone body is resilient. (AC +6)
You are immune to poison.
You resist negative energy. (rN+)
You are resistant to electric shocks. (rElec)
You are resistant to unholy torment.
You are immune to petrification.
You are somewhat resistant to further mutation.


   Skills:
 - Level 7.0(12.0) Fighting
 + Level 10.7(15.7) Ranged Weapons
 - Level 2.1(7.1) Armour
 - Level 3.1(8.1) Dodging
 - Level 1.1(6.1) Stealth
 - Level 4.0 Invocations


You had 8 spell levels left.
You didn't know any spells.
Your spell library was empty.

Inventory:

Hand Weapons
 Y - a +4 shortbow (weapon)
Armour
 b - a +0 cloak (worn)
 c - a +0 leather armour (worn)
 h - a +0 pair of boots (worn)
 k - a +0 helmet (worn)
 m - a +0 pair of gloves
Jewellery
 e - an amulet of reflection (around neck)
Scrolls
 f - 3 scrolls of identify
Potions
 d - a potion of mutation
 g - a potion of enlightenment
 j - a potion of might
 l - 2 potions of curing

Dungeon Overview and Level Annotations

Branches:
Dungeon (7/15)             Temple (0/1) D:5

Altars:
Okawaru
Sif Muna
Vehumet
Xom
The Shining One

Shops:
D:3 ?

Annotations:
D:6 Eustachio
D:7 1 runed translucent door, Crazy Yiuf


Message History

The ufetubus closely misses you. x2; The hound misses you.
You shoot an arrow. The arrow barely misses the manticore.
The arrow barely misses the orc.
The centaur barely misses you.
The centaur kicks you but does no damage.
The manticore closely misses you. You block the manticore's attack.
The manticore claws you but does no damage.
The hound bites you but does no damage. The ufetubus misses you.
The ufetubus closely misses you. The wight completely misses you.
You shoot an arrow. The arrow hits the manticore!
The manticore is heavily wounded.
The centaur closely misses you. The centaur barely misses you.
The ufetubus hits you but does no damage.
The ufetubus barely misses you. The hound barely misses you.
The manticore closely misses you. You block the manticore's attack.
The manticore barely misses you. The wight closely misses you.
The centaur hits you but does no damage.
The centaur misses you.
You shoot an arrow. The arrow barely misses the manticore.
The arrow hits the orc.
The orc is heavily wounded.
The hound bites you but does no damage.
The ufetubus hits you but does no damage.
The ufetubus completely misses you. The centaur completely misses you.
The centaur barely misses you.
You shoot an arrow. The arrow hits the manticore.
The manticore is heavily wounded.
The ufetubus misses you. x2; The hound bites you but does no damage.
The manticore bites you. The manticore barely misses you.
The manticore closely misses you.
The wight hits you from afar with a +4 spear.
The centaur barely misses you.
The centaur kicks you but does no damage.
You shoot an arrow. The arrow hits the manticore.
The manticore is heavily wounded.
You block the ufetubus's attack.
The ufetubus hits you but does no damage.
The hound bites you but does no damage. The manticore closely misses you.
The manticore claws you.
You die...

77777####.##
#7.~~~~~~~~~~~. ##.##
77....7.7....7 ####.##
## #####7.7#####
####.##)# 7. #....%#..
.....##.#### 7.
#.777%#.7
...z.......###.# #.7
7.#.7 ######.######.zh
#.777.#.7 #.# ##.Yh##
7 #.)...#.7 #.#
#..o5@# 7. ##7'7##.77
#.# #.P.cH#
#..#..<..#... ##.##
#.P~oo..# #.'..8..'))7
#...#
#...P.#..#..#..>..#.))
#####...####..(..#7.7
##7'7##.77
..[.......###.$.## .7
#.7.7.#.7 ..........#
#.!. 7 #..7..#.7
##.<......####.#
#.....#.7 ...##......#
7. #..7..#.7


You could see a manticore, a black bear, an ice beast, a centaur, a hound, a
wight, 3 orcs and an ufetubus.

Vanquished Creatures
  Sigmund (D:6)
  A slime creature (D:7)
  A vampire (D:7)
  Duvessa (D:6)
  A water moccasin (D:7)
  An orc warrior (D:6)
  2 ice beasts
  A sky beast (D:7)
  3 centaurs (D:7)
  A phantom (D:5)
  3 bullfrogs (D:7)
  3 scorpions (D:5)
  5 wights (D:7)
  Dowan (D:6)
  2 jellies (D:6)
  2 orc priests (D:7)
  A hound (D:5)
  A gnoll bouda (D:7)
  A sleepcap (D:6)
  Ijyb (D:5)
  3 iguanas
  5 orc wizards
  A mummy (D:5)
  3 gnolls (D:7)
  5 adders
  2 white imps
  An ufetubus (D:5)
  A worm (D:2)
  2 dart slugs (D:4)
  21 orcs
  2 ball pythons (D:1)
  A bat (D:3)
  3 endoplasms
  A giant cockroach (D:3)
  2 goblins
  3 hobgoblins
  6 kobolds
  4 quokkas
  3 frilled lizards
  A hobgoblin zombie (D:5)
  2 kobold zombies (D:5)
  An orc zombie (D:5)
  8 rats
114 creatures vanquished.

Vanquished Creatures (others)
  3 orc wizards (D:6)
3 creatures vanquished.

Grand Total: 117 creatures vanquished

Notes
Turn   | Place    | Note
-------+----------+-------------------------------------------
     0 | D:1      | qw the Gargoyle Hunter began the quest for the Orb.
     0 | D:1      | Reached XP level 1. HP: 12/12 MP: 1/1
     0 | D:1      | 0 ||| qw: Version: 0.3-a-83-gcd0e7d8
     0 | D:1      | 0 ||| qw: Game counter: 1926
     0 | D:1      | 0 ||| qw: Melee chars always use a shield: true
     0 | D:1      | 0 ||| qw: God list: Okawaru
     0 | D:1      | 0 ||| qw: Allow faded altars: false
     0 | D:1      | 0 ||| qw: Do Orc after clearing Dungeon:15 true
     0 | D:1      | 0 ||| qw: Do second Lair branch before Depths: true
     0 | D:1      | 0 ||| qw: Lair rune preference: random
     0 | D:1      | 0 ||| qw: Goals: Normal
     0 | D:1      | 0 ||| PLANNING D:1-11
   240 | D:1      | Reached XP level 2. HP: 17/17 MP: 2/2
  1097 | D:1      | 1097 ||| UPGRADING to +0 pair of boots.
  1102 | D:1      | 1102 ||| UPGRADING to amulet of reflection.
  1107 | D:1      | 1107 ||| READING 2 scrolls labelled UVEFOE QIEBIQ.
  1112 | D:1      | 1112 ||| READING scroll labelled BAW FORGHUKA.
  1122 | D:1      | 1122 ||| READING scroll labelled GUESCHI KYIMETH.
  1123 | D:1      | 1123 ||| READING scroll labelled RASESO FOENOFF.
  1124 | D:1      | 1124 ||| READING scroll labelled GUSIHI KOIF.
  1225 | D:1      | 1225 ||| READING scroll labelled VIXIFO QAIDA.
  1226 | D:1      | 1226 ||| DROPPING scroll of butterflies.
  1292 | D:2      | Reached XP level 3. HP: 20/21 MP: 3/3
  1332 | D:2      | Reached skill level 5 in Ranged Weapons
  1531 | D:2      | Found an iron altar of Okawaru.
  1532 | D:2      | 1532 ||| PLANNING OKAWARU WORSHIP
  1532 | D:2      | 1532 ||| READING scroll labelled ASKUINE EHAKH.
  1533 | D:2      | 1533 ||| READING scroll labelled EGALAI ER VIAN.
  1540 | D:2      | Became a worshipper of Warmaster Okawaru
  1541 | D:2      | 1541 ||| PLANNING D:1-11
  1777 | D:2      | Identified the +5 dagger of Action {flame, Will+}
  2024 | D:2      | 2024 ||| UPGRADING to +0 cloak.
  2029 | D:2      | 2029 ||| DRINKING 2 smoky green potions.
  2044 | D:3      | 2044 ||| PLANNING SEWER
  2044 | D:3      | Found a shimmering altar of Xom.
  2122 | D:3      | Found a glowing golden altar of the Shining One.
  2153 | D:3      | Reached skill level 3 in Fighting
  2504 | D:3      | Reached XP level 4. HP: 28/28 MP: 4/4
  2537 | D:3      | Found Futuas's Magic Scroll Shoppe.
  2541 | D:3      | 2541 ||| BUYING scroll of identify (20 gold).
  2541 | D:3      | Bought a scroll of identify for 20 gold pieces
  2541 | D:3      | 2541 ||| BUYING scroll of identify (20 gold).
  2541 | D:3      | Bought a scroll of identify for 20 gold pieces
  2834 | D:3      | 2834 ||| RIP SEWER
  2849 | D:3      | 2849 ||| PLANNING D:1-11
  2849 | D:3      | 2849 ||| READING scroll labelled NAFUMPA ZUUD.
  2850 | D:3      | 2850 ||| DRINKING 3 blue potions.
  2850 | D:3      | Gained mutation: You sometimes lose your temper in combat.
                  | [potion of mutation]
  2851 | D:3      | 2851 ||| DRINKING 2 potions of mutation.
  2851 | D:3      | Lost mutation: You sometimes lose your temper in combat.
                  | [potion of mutation]
  2851 | D:3      | Gained mutation: You are somewhat resistant to further
                  | mutation. [potion of mutation]
  2852 | D:3      | 2852 ||| READING 4 scrolls of identify.
  2852 | D:3      | 2852 ||| IDENTIFYING fuming blue potion
  2853 | D:3      | 2853 ||| READING 3 scrolls of identify.
  2853 | D:3      | 2853 ||| IDENTIFYING lumpy puce potion
  2854 | D:3      | 2854 ||| DROPPING potion of brilliance.
  2892 | D:4      | Reached skill level 1 in Armour
  3232 | D:4      | 3232 ||| UPGRADING to +0 helmet.
  3237 | D:4      | 3237 ||| READING scroll labelled JUALY TOAPALA.
  3238 | D:4      | 3238 ||| DRINKING 3 brown potions.
  3265 | D:5      | Entered Level 5 of the Dungeon
  3273 | D:5      | Found a radiant altar of Vehumet.
  3292 | D:5      | Noticed an ice beast
  3293 | D:5      | 3293 ||| RETREEAATING.
  3310 | D:5      | Noticed a phantom
  3321 | D:5      | Killed an ice beast
  3322 | D:5      | Reached skill level 6 in Ranged Weapons
  3322 | D:5      | Reached XP level 5. HP: 14/32 MP: 5/5
  3329 | D:5      | Killed a phantom
  3329 | D:5      | Reached * piety under Okawaru
  3330 | D:5      | Reached XP level 6. HP: 14/38 MP: 6/6
  3467 | D:5      | Identified the +4 flail "Viamaxikhu" {flame, Contam rN++
                  | SInv Stlth+}
  3519 | D:5      | Noticed Ijyb
  3520 | D:5      | 3520 ||| INVOKING Heroism.
  3529 | D:5      | Killed Ijyb
  3536 | D:5      | 3536 ||| FLEEEEING.
  3537 | D:5      | 3537 ||| FLEEEEING.
  3538 | D:5      | 3538 ||| FLEEEEING.
  3539 | D:5      | 3539 ||| FLEEEEING.
  3540 | D:5      | 3540 ||| FLEEEEING.
  3607 | D:5      | Reached skill level 1 in Invocations
  3666 | D:5      | Reached skill level 7 in Ranged Weapons
  3666 | D:5      | Reached XP level 7. HP: 33/43 MP: 8/8
  3668 | D:5      | 3668 ||| INVOKING Heroism.
  3839 | D:5      | Found a staircase to the Ecumenical Temple.
  3932 | D:5      | 3932 ||| READING scroll of enchant weapon.
  3932 | D:5      | 3932 ||| ENCHANTING +1 shortbow.
  4012 | D:5      | 4012 ||| READING 4 scrolls of identify.
  4012 | D:5      | 4012 ||| IDENTIFYING emerald potion
  4021 | D:6      | 4021 ||| STAIRDANCE
  4065 | D:6      | 4065 ||| STAIRDANCE
  4071 | D:5      | 4071 ||| DRINKING 2 potions of curing.
  4071 | D:5      | 4071 ||| (to cure confusion)
  4081 | D:5      | HP: 8/43 [something (3)]
  4086 | D:5      | HP: 5/43 [something (2)]
  4088 | D:5      | Reached skill level 3 in Invocations
  4230 | D:6      | 4230 ||| STAIRDANCE
  4285 | D:6      | 4285 ||| INVOKING Heroism.
  4351 | D:6      | Noticed Eustachio
  4352 | D:6      | 4352 ||| INVOKING Heroism.
  4363 | D:6      | 4363 ||| READING 4 scrolls of teleportation.
  4364 | D:6      | 4364 ||| FLEEEEING.
  4368 | D:6      | Noticed Sigmund
  4369 | D:6      | 4369 ||| READING 3 scrolls of teleportation.
  4370 | D:6      | 4370 ||| INVOKING Heroism.
  4430 | D:6      | Killed Sigmund
  4436 | D:6      | Reached skill level 8 in Ranged Weapons
  4452 | D:6      | Reached XP level 8. HP: 48/48 MP: 10/10
  4467 | D:6      | Noticed Duvessa
  4468 | D:6      | 4468 ||| INVOKING Heroism.
  4470 | D:6      | Noticed Dowan
  4476 | D:6      | Killed Duvessa
  4481 | D:6      | Killed Dowan
  4497 | D:6      | 4497 ||| INVOKING Heroism.
  4501 | D:6      | 4501 ||| READING 2 scrolls of teleportation.
  4508 | D:6      | 4508 ||| READING scroll of teleportation.
  4600 | D:6      | 4600 ||| INVOKING Heroism.
  4620 | D:6      | 4620 ||| INVOKING Heroism.
  4711 | D:6      | Found a shimmering blue altar of Sif Muna.
  4731 | D:6      | 4731 ||| Stepping randomly (disturbance).
  4732 | D:6      | 4732 ||| Stepping randomly (disturbance).
  4866 | D:6      | 4866 ||| INVOKING Heroism.
  5072 | D:7      | 5072 ||| Stepping ~*~*~tactically~*~*~ (retreating).
  5075 | D:7      | Reached skill level 9 in Ranged Weapons
  5094 | D:7      | 5094 ||| INVOKING Heroism.
  5098 | D:7      | Reached skill level 6 in Fighting
  5276 | D:7      | 5276 ||| INVOKING Heroism.
  5285 | D:7      | Reached XP level 9. HP: 23/55 MP: 9/12
  5417 | D:7      | 5417 ||| FLEEEEING.
  5420 | D:7      | 5420 ||| FLEEEEING.
  5421 | D:7      | 5421 ||| FLEEEEING.
  5422 | D:7      | 5422 ||| FLEEEEING.
  5423 | D:7      | 5423 ||| FLEEEEING.
  5424 | D:7      | 5424 ||| FLEEEEING.
  5460 | D:7      | Found a runed translucent door.
  5460 | D:7      | Identified the +8 hammer "Jaeliami" {drain, Str+2}
  5461 | D:7      | Noticed Crazy Yiuf
  5462 | D:7      | Identified the +11 hammer "Xel Anih" {freeze, rC+ Str+4}
  5594 | D:7      | 5594 ||| INVOKING Heroism.
  5600 | D:7      | 5600 ||| Stepping ~*~*~tactically~*~*~ (retreating).
  5606 | D:7      | Reached skill level 10 in Ranged Weapons
  5634 | D:7      | Reached skill level 3 in Dodging
  5634 | D:7      | 5634 ||| READING 2 scrolls of enchant weapon.
  5634 | D:7      | 5634 ||| ENCHANTING +2 shortbow.
  5635 | D:7      | 5635 ||| READING scroll of enchant weapon.
  5635 | D:7      | 5635 ||| ENCHANTING +3 shortbow.
  5689 | D:7      | Reached ** piety under Okawaru
  5821 | D:7      | 5821 ||| INVOKING Heroism.
  5880 | D:7      | 5880 ||| Stepping ~*~*~tactically~*~*~ (retreating).
  5881 | D:7      | 5881 ||| INVOKING Heroism.
  5886 | D:7      | 5886 ||| Stepping ~*~*~tactically~*~*~ (retreating).
  5894 | D:7      | HP: 8/57 [gnoll sergeant/+0 trident (7)]
  5895 | D:7      | 5895 ||| READING scroll of teleportation.
  5896 | D:7      | 5896 ||| DRINKING 3 potions of heal wounds.
  5898 | D:7      | 5898 ||| INVOKING Heroism.
  5899 | D:7      | Noticed a manticore
  5900 | D:7      | 5900 ||| Stepping ~*~*~tactically~*~*~ (retreating).
  5904 | D:7      | HP: 14/57 [vampire (9)]
  5905 | D:7      | 5905 ||| DRINKING 2 potions of heal wounds.
  5912 | D:7      | HP: 14/57 [manticore (1)]
  5913 | D:7      | 5913 ||| DRINKING potion of heal wounds.
  5920 | D:7      | HP: 13/57 [manticore (7)]
  5921 | D:7      | 5921 ||| INVOKING Heroism.
  5928 | D:7      | HP: 7/57 [manticore (5)]
  5928 | D:7      | HP: 1/57 [wight/+4 spear (6)]
  5929 | D:7      | Slain by a manticore

Levels and vault maps discovered:
D:1:      dpeg_arrival_snail, layout_basic, chequers_big_river
D:2:      layout_loops_ring, basic_altar, serial_forest,
          infiniplex_forest_split, infiniplex_forest_clump_diagonal,
          infiniplex_forest_straight_2, infiniplex_forest_corner_1,
          infiniplex_forest_clump_small, infiniplex_forest_corner_1,
          nicolae_titane
D:3:      layout_loops_ring, lemuel_crystal_altar,
          mainiacjoe_overflow_six_doors_small, serial_shops,
          nicolae_shop_back_alley_shop, portal_sewer_entry_d, serial_aquarium,
          aquarium_bridge_long_joined [aquarium_subvault_balcony,
          aquarium_subvault_bridge, aquarium_subvault_wall,
          aquarium_subvault_bridge, aquarium_subvault_window,
          aquarium_subvault_window], aquarium_bridge_square
          [aquarium_subvault_wall, aquarium_subvault_bridge,
          aquarium_subvault_window, aquarium_subvault_wall],
          aquarium_window_fake, aquarium_window_fake, aquarium_view_2g,
          aquarium_view_2d, aquarium_balcony_double_3, aquarium_pool_split,
          minmay_misc_feat_cross
D:4:      layout_rooms
D:5:      layout_cave_pools, mainiacjoe_overflow_catwalk,
          minmay_temple_entry_antechambers, minmay_mini_ossuary, uniq_ijyb
D:6:      layout_rooms, kennysheep_orc_sif_temple, grunt_decor_junction,
          uniq_sigmund, uniq_eustachio, uniq_duvessa
D:7:      nzn_winding_woodlands_stair_cross
          [nzn_winding_woodlands_5x15_river_crossing,
          nzn_winding_woodlands_center_lodge,
          nzn_winding_woodlands_5x15_concentric,
          nzn_winding_woodlands_5x5_perimeter, nzn_winding_woodlands_hourglass,
          nzn_winding_woodlands_5x15_twine, nzn_winding_woodlands_center_garden,
          nzn_winding_woodlands_5x15_sidewinder], layout_loops_ring,
          gammafunk_temple_overflow_statue, uniq_crazy_yiuf_cottage

Skill      XL: |  1  2  3  4  5  6  7  8  9 |
---------------+----------------------------+-----
Ranged Weapons | 5 6 7 8 9 10 | 10.7
Fighting       | 3 4 6 7 |  7.0
Armour         | 1 2 |  2.1
Invocations    | 2 3 4 |  4.0
Dodging        | 2 3 |  3.1
Stealth        | |  1.1

Action                     |  1- 3 |  4- 6 |  7- 9 || total
---------------------------+-------+-------+-------++-------
  Melee: Unarmed           |       |       |    12 ||    12
   Fire: Shortbow          |   100 |   126 |   362 ||   588
 Invoke: Heroism           |       |     1 |    16 ||    17
    Use: Scroll            |     8 |     4 |     9 ||    21
         Potion            |     1 |     3 |     4 ||     8
 Armour: Leather armour    |     9 |    47 |   234 ||   290
         Skin              |       |       |     8 ||     8
  Dodge: Dodged            |    10 |    33 |   219 ||   262
  Block: Other             |     4 |    13 |    70 ||    87
         Reflection        |       |       |     3 ||     3

Table legend:
 A = Non-vault XP
 B = Vault XP
 C = Vault XP percentage of total XP
 D = Non-vault monster count
 E = Vault monster count
 F = Vault count percentage of total count
                 A         B        C        D         E       F
            +---------+---------+-------+---------+---------+-------
      Total |    2026 |    1803 |  47.1 |      89 |      27 |  23.3
            +---------+---------+-------+---------+---------+-------
        D:1 |      24 |       0 |   0.0 |      15 |       0 |   0.0
        D:2 |      31 |       0 |   0.0 |      11 |       0 |   0.0
        D:3 |      16 |      13 |  44.8 |       8 |       1 |  11.1
        D:4 |      38 |       0 |   0.0 |       7 |       0 |   0.0
        D:5 |     666 |      58 |   8.0 |      16 |       6 |  27.3
        D:6 |     224 |     696 |  75.7 |      10 |       8 |  44.4
        D:7 |    1027 |    1036 |  50.2 |      22 |      12 |  35.3
            +---------+---------+-------+---------+---------+-------
